 Dungeon Crawl Stone Soup version 0.28.0-53-g5a82cb258f (webtiles) character file.

Game seed: 6398248872324402084

599 Ethylacetat the Shooter (level 7, -1/66 HPs)
             Began as a Naga Hunter on May 23, 2022.
             Slain by an adder (4 damage)
             ... on level 4 of the Dungeon.
             The game lasted 00:10:11 (3654 turns).

Ethylacetat the Shooter (Naga Hunter)               Turns: 3654, Time: 00:10:11

Health: -1/66      AC:  3    Str: 14    XL:     7   Next: 41%
Magic:  7/7        EV:  9    Int: 12    God:
Gold:   22         SH:  0    Dex: 15    Spells: 6/6 levels left

rFire   + . .      SeeInvis +   n - +7 club
rCold   + . .      Faith    .   (no shield)
rNeg    . . .      Spirit   .   c - +0 leather armour
rPois   +          Reflect  .   (no helmet)
rElec   +          Harm     .   (no cloak)
rCorr   +          Rampage  .   (no gloves)
Will    .....                   (no barding)
Stlth   ++........              (no amulet)
HPRegen 0.21/turn               (no ring)
MPRegen 0.10/turn               (no ring)

@: resistant, very slow
A: AC +2, large, see invisible, deformed body, poison resistance, slowness 2,
spit poison 1, naga tail 1, agile 1, high MP 1
a: Spit Poison


You were on level 4 of the Dungeon.
You visited 1 branch of the dungeon, and saw 4 of its levels.

You collected 114 gold pieces.
You spent 92 gold pieces at shops.

Inventory:

Hand Weapons
 a - a +1 shortbow
 l - a +2 dagger of venom
 n - a +7 club (weapon)
Missiles
 d - 81 arrows
Armour
 c - a +0 leather armour (worn)
Scrolls
 b - a scroll of noise {unknown}
 e - a scroll of blinking {unknown}
 f - 2 scrolls of fog {unknown}
 h - 4 scrolls of teleportation {unknown}
 i - 3 scrolls of identify {unknown}
 j - a scroll of vulnerability {unknown}
Potions
 k - a potion of resistance


   Skills:
 + Level 4.7 Fighting
 * Level 6.9 Bows
 - Level 1.5 Dodging
 - Level 1.5 Stealth


You had 6 spell levels left.
You didn't know any spells.
Your spell library contained the following spells:

 Spells                   Type           Power      Damage    Failure   Level
 Summon Guardian Golem    Hex/Summ       0%         N/A       77%         3
 Orb of Destruction       Conj           0%         9d5       100%        7
 Spellforged Servitor     Conj/Summ      0%         N/A       100%        7


Dungeon Overview and Level Annotations

Branches:
Dungeon (4/15)
 Temple: D:4-7

Altars:

Shops:
D:3 *


Innate Abilities, Weirdness & Mutations

Your serpentine skin is tough. (AC +2)
You have supernaturally acute eyesight. (SInv)
Armour fits poorly on your strangely shaped body.
Your system is resistant to poisons. (rPois)
You cover ground very slowly.
You can spit poison.
You have a snake-like lower body.
You are agile. (Dex +2)
You have an increased reservoir of magic. (+10% MP)


Message History

The adder bites you.
You are poisoned.
The adder poisons you!
You barely miss the necrophage.
The necrophage is severely damaged.
You feel sick. The endoplasm freezes you.
You are frozen.
You resist. The necrophage closely misses you. The adder closely misses you.
The endoplasm hits you.
* * * LOW HITPOINT WARNING * * *
The necrophage hits you but does no damage.
You hit the necrophage.
The necrophage is almost destroyed.
You feel sick. The adder barely misses you. x2
The endoplasm freezes you.
You are frozen.
You resist.
* * * LOW HITPOINT WARNING * * *
The necrophage hits you.
* * * LOW HITPOINT WARNING * * *
You closely miss the necrophage.
The necrophage is almost destroyed.
You feel sick.
You are no longer poisoned.
The adder bites you.
* * * LOW HITPOINT WARNING * * *
The endoplasm freezes you.
You are frozen.
You resist.
* * * LOW HITPOINT WARNING * * *
The necrophage barely misses you. The adder bites you.
* * * LOW HITPOINT WARNING * * *
You thump the necrophage!
You destroy the necrophage!
The endoplasm closely misses you. The adder bites you but does no damage.
The endoplasm freezes you.
You are frozen.
You resist. The adder closely misses you.
Your life force feels restored.
You hit the adder.
The adder is severely wounded.
The adder bites you.
You die...

.# .# ### ###.## ..
.#... ##....## #..
....##......##!.
#..............
##.....<.....#
#......).†...###
.#.#.#.#@#.....####
.........SJ.........
#.#.#.#.#.#.........
.........†.......?.
.#.#.#.#.#.........
...>.S.............
#.#.#.#.#.####.)....
.[......... ......
.#.#.#. ......


You could see an adder and an endoplasm.

Vanquished Creatures
  Grinder (D:3)
  A necrophage (D:4)
  2 kobold brigands (D:3)
  A howler monkey (D:4)
  An orc priest (D:3)
  Jessica (D:3)
  An orc wizard (D:3)
  An adder (D:3)
  2 dart slugs (D:2)
  5 orcs
  An endoplasm (D:2)
  A giant cockroach (D:1)
  4 goblins
  11 hobgoblins
  3 jackals (D:1)
  2 quokkas
  8 ball pythons
  3 bats
  3 frilled lizards
  9 kobolds
  7 rats
68 creatures vanquished.

Notes
Turn   | Place    | Note
-------+----------+-------------------------------------------
     0 | D:1      | Ethylacetat the Naga Hunter began the quest for the Orb.
     0 | D:1      | Reached XP level 1. HP: 19/19 MP: 1/1
    79 | D:1      | Reached skill level 4 in Bows
    79 | D:1      | Reached XP level 2. HP: 12/26 MP: 2/2
   796 | D:1      | Found a faded altar of an unknown god.
  1041 | D:2      | Found the +8 longbow "Zephyr" {speed, Dex+3 SInv}
  1057 | D:2      | Reached XP level 3. HP: 32/32 MP: 3/3
  2062 | D:3      | Reached XP level 4. HP: 32/40 MP: 4/4
  2068 | D:3      | Reached skill level 5 in Bows
  2224 | D:3      | Noticed Grinder
  2238 | D:3      | Paralysed by Grinder for 6 turns
  2254 | D:3      | Killed Grinder
  2255 | D:3      | Reached skill level 6 in Bows
  2255 | D:3      | Reached XP level 5. HP: 33/50 MP: 5/5
  2255 | D:3      | Reached XP level 6. HP: 37/57 MP: 6/6
  2391 | D:3      | Noticed Jessica
  2396 | D:3      | Killed Jessica
  2569 | D:3      | Found Asse's Assorted Antiques.
  2578 | D:3      | Bought 2 fuming purple potions for 45 gold pieces
  2578 | D:3      | Bought a viscous green potion for 22 gold pieces
  2672 | D:3      | Gained mutation: You have an increased reservoir of magic.
                  | (+10% MP) [potion of mutation]
  2672 | D:3      | Gained mutation: You are agile. (Dex +2) [potion of
                  | mutation]
  2681 | D:3      | Reached XP level 7. HP: 19/66 MP: 7/7
  3407 | D:3      | Bought a scroll labelled FAYREU YCSYOCA for 25 gold pieces
  3652 | D:4      | HP: 3/65 [adder (2)]
  3654 | D:4      | Slain by an adder

Illustrated notes

Levels and vault maps discovered:
D:1:      eino_arrival_cavern_a, layout_loops_ring,
          shapermc_ecumenical_altar_flowoftime
D:2:      kennysheep_big_flooded_room, layout_loops_ring, due_unseen_surprise
D:3:      cheibrodos_thug_alley, layout_loops_ring, serial_shops,
          nicolae_lakefront_shop, serial_bayou_pond_a, uniq_jessica,
          uniq_grinder
D:4:      layout_cave_pools, nicolae_overflow_hidden_temple,
          mainiacjoe_overflow_concentric_impassable, st_stairs_11,
          eino_tiny_chamber

Skill      XL: |  1  2  3  4  5  6 |
---------------+-------------------+-----
Bows           | 4 6 |  6.9
Fighting       | 3 4 |  4.7
Dodging        | |  1.5
Stealth        | |  1.5

Action                   |  1- 3 |  4- 6 |  7- 9 || total
-------------------------+-------+-------+-------++-------
Melee: Short sword       |    52 |       |       ||    52
       Dagger            |    28 |    13 |       ||    41
       Club              |       |    15 |    29 ||    44
 Fire: Shortbow          |     1 |    24 |       ||    25
 Abil: Spit Poison       |    29 |     6 |     4 ||    39
  Use: Potion            |       |     5 |     1 ||     6
 Stab: Sleeping          |     2 |       |     1 ||     3
Armor: Leather armour    |    17 |     8 |     8 ||    33
Dodge: Dodged            |    42 |    18 |    24 ||    84
